 Dungeon Crawl Stone Soup version 0.22.0-38-g04b72b8 (webtiles) character file.

331 Fang the Chopper (level 6, -4/39 HPs)
             Began as a Gargoyle Berserker on Aug 30, 2018.
             Was a Priest of Trog.
             Slain by Natasha (6 damage)
             ... on level 3 of the Dungeon.
             The game lasted 00:02:51 (2304 turns).

Fang the Chopper (Gargoyle Berserker)               Turns: 2304, Time: 00:02:51

Health: -4/39      AC:  6    Str: 22    XL:     6   Next: 52%
Magic:  6/6        EV: 12    Int:  8    God:    Trog [***...]
Gold:   166        SH:  0    Dex:  9    Spells: 5/5 levels left

rFire    . . .     SeeInvis .   a - +0 hand axe
rCold    . . .     Gourm    .   (no shield)
rNeg     + . .     Faith    .   b - +0 animal skin
rPois    ∞         Spirit   .   (no helmet)
rElec    +         Reflect  .   (no cloak)
rCorr    .         Harm     .   (no gloves)
MR       .....                  (no boots)
Stlth    +.........             (no amulet)
HPRegen  0.13/turn              (no ring)
MPRegen  0.10/turn              (no ring)

@: no status effects
A: negative energy resistance 1, electricity resistance, unbreathing,
petrification resistance, rot immunity, AC +4
a: Berserk, Trog's Hand, Renounce Religion


You were on level 3 of the Dungeon.
You worshipped Trog.
Trog was most pleased with you.
You were near starving.

You visited 1 branch of the dungeon, and saw 3 of its levels.

You collected 166 gold pieces.

Inventory:

Hand Weapons
 a - a +0 hand axe (weapon)
Armour
 b - a +0 animal skin (worn)
Jewellery
 m - an uncursed ring of protection from magic {unknown}
Scrolls
 g - a scroll of teleportation {unknown}
 h - a scroll of identify {unknown}
 j - a scroll of fog {unknown}
 l - a scroll of enchant armour {unknown}
Potions
 d - a potion of haste {unknown}
 e - 2 potions of cancellation {unknown}
 f - 2 potions of flight {unknown}
 i - a potion of curing {unknown}
 n - a potion of resistance {unknown}
Comestibles
 c - 6 rations


   Skills:
 + Level 4.3 Fighting
 + Level 5.1 Axes
 + Level 2.3 Armour
 + Level 2.8 Dodging
 + Level 1.1 Stealth


You had 5 spell levels left.
You didn't know any spells.
Your spell library was empty.

Dungeon Overview and Level Annotations

Branches:
Dungeon (3/15)

Altars:

Annotations:
D:3 Natasha


Innate Abilities, Weirdness & Mutations

You are resistant to torment.
Your stone body is resilient. (AC +4)
You are immune to poison.
You resist negative energy. (rN+)
You are resistant to electric shocks. (rElec)
You can survive without breathing.
You are immune to petrification.
You are immune to rotting.


Message History

You hit Natasha.
Natasha is heavily wounded.
You hit the crimson imp. Natasha claws you.
* * * LOW HITPOINT WARNING * * *
The crimson imp hits you.
* * * LOW HITPOINT WARNING * * *
You hit Natasha.
Natasha is severely wounded.
You barely miss the crimson imp.
Natasha casts a spell.
The crimson imp hits you.
* * * LOW HITPOINT WARNING * * *
You hit Natasha.
Natasha is almost dead.
You hit the crimson imp but do no damage.
Natasha closely misses you. The crimson imp barely misses you.
You barely miss Natasha.
Natasha is almost dead.
You hit the crimson imp. x2; Natasha claws you.
You die...

....###.##.....##.........######.
....# #........##..............#.
....# ####.....##.......÷..##....
....######.....###.#######.......
##......#............###....##..#
#.####....................##...#
#.####.#.......................)
#..<...#..................###...
##..#####......5@...........##...
#...# ##.......h5..........##...
..#.####..................#.##...
.........................##......
###.###.#...≈≈.≈≈...........#....
#.#...#..≈≈≈≈≈≈≈...............
#.#..##≈≈≈≈≈≈≈≈≈≈≈..)..........
#....#≈≈≈≈≈≈≈≈≈#≈≈≈.....#......
#..##.≈≈≈≈≈≈≈≈≈≈≈≈#............


You could see Natasha and 2 crimson imps.

Vanquished Creatures
  Sigmund (D:2)
  Terence (D:2)
  Natasha (D:3)
  2 adders
  A worm (D:2)
  11 dart slugs
  3 leopard geckos
  2 orcs (D:3)
  6 bats
  3 giant cockroaches
  6 goblins
  4 hobgoblins
  7 jackals
  13 kobolds
  2 quokkas
  3 frilled lizards
  5 rats
71 creatures vanquished.

Vanquished Creatures (others)
  A frilled lizard (D:3)
1 creature vanquished.

Grand Total: 72 creatures vanquished

Notes
Turn   | Place    | Note
-------+----------+-------------------------------------------
     0 | D:1      | Fang the Gargoyle Berserker began the quest for the Orb.
     0 | D:1      | Reached XP level 1. HP: 14/14 MP: 1/1
    95 | D:1      | Reached XP level 2. HP: 8/19 MP: 2/2
   464 | D:1      | Reached skill level 3 in Axes
   680 | D:2      | Reached XP level 3. HP: 23/23 MP: 3/3
   720 | D:2      | Reached ** piety under Trog
   760 | D:2      | Noticed Terence
   769 | D:2      | Killed Terence
   769 | D:2      | Reached XP level 4. HP: 29/29 MP: 4/4
  1008 | D:2      | Noticed Sigmund
  1019 | D:2      | Killed Sigmund
  1019 | D:2      | Reached skill level 4 in Axes
  1019 | D:2      | Reached skill level 1 in Stealth
  1019 | D:2      | Reached XP level 5. HP: 33/33 MP: 5/5
  1019 | D:2      | Reached XP level 6. HP: 38/38 MP: 6/6
  1426 | D:3      | Reached skill level 5 in Axes
  1813 | D:3      | Reached *** piety under Trog
  2103 | D:3      | Noticed Natasha
  2116 | D:3      | Killed Natasha
  2289 | D:3      | Noticed Natasha
  2304 | D:3      | Slain by Natasha

Skill      XL: |  1  2  3  4  5  6 |
---------------+-------------------+-----
Axes           | 3 4 5 |  5.1
Dodging        | 2 |  2.8
Fighting       | 4 |  4.3
Stealth        | 1 |  1.1
Armour         | |  2.3

Action                   |  1- 3 |  4- 6 || total
-------------------------+-------+-------++-------
Melee: Hand axe          |    89 |   154 ||   243
Invok: Berserk           |     1 |     1 ||     2
 Stab: Sleeping          |       |     1 ||     1
  Eat: Chunk             |       |     5 ||     5
Armor: Animal skin       |    41 |    70 ||   111
Dodge: Dodged            |    84 |   128 ||   212
